 Dungeon Crawl Stone Soup version 0.29.1-14-g9c671dbff4 (webtiles) character file.

Game seed: 12583377418097694038

200 Descartes the Digger (level 6, -3/41 HPs)
             Began as a Formicid Earth Elementalist on Feb 13, 2023.
             Killed by divine providence
             ... invoked by an orc priest
              (8 damage)
             ... on level 4 of the Dungeon.
             The game lasted 00:06:15 (3568 turns).

Descartes the Digger (Formicid Earth Elementalist)  Turns: 3568, Time: 00:06:16

Health: -3/41      AC:  6    Str: 15    XL:     6   Next: 7%
Magic:  9/20       EV: 12    Int: 14    God:
Gold:   191        SH:  0    Dex: 14    Spells: 11/12 levels left

rFire   . . .      SeeInvis +   e - +0 flail
rCold   . . .      Faith    .   (no shield)
rNeg    . . .      Spirit   .   a - +0 robe
rPois   .          Reflect  .   (helmet unavailable)
rElec   .          Harm     .   (no cloak)
rCorr   .          Rampage  .   (no gloves)
Will    .....                   (no boots)
Stlth   ++........              d - amulet of regeneration
HPRegen 0.93/turn               l - +4 ring of protection
MPRegen 0.17/turn               y - ring of magical power

@: no status effects
A: permanent stasis, dig shafts and tunnels, antennae 3, four strong arms
a: Dig, Shaft Self


You were on level 4 of the Dungeon.
You visited 1 branch of the dungeon, and saw 4 of its levels.

You collected 191 gold pieces.

Inventory:

Hand Weapons
 c - a +0 short sword
 e - a +0 flail (weapon)
Missiles
 j - 5 curare-tipped darts
 m - 6 boomerangs
 r - 2 throwing nets
Armour
 a - a +0 robe (worn)
Jewellery
 d - an amulet of regeneration (around neck)
 l - a +4 ring of protection (left hand)
 y - a ring of magical power (right hand)
Wands
 s - a wand of charming (4)
Scrolls
 f - a scroll of vulnerability {unknown}
 k - 2 scrolls of noise {unknown}
 n - a scroll of amnesia {unknown}
 o - a scroll of fear {unknown}
 p - a scroll of summoning {unknown}
 q - a scroll of teleportation {unknown}
 v - 2 scrolls of identify {unknown}
Potions
 b - 2 potions of magic
 g - a potion of curing {unknown}
 h - 2 potions of haste {unknown}
 i - 2 potions of attraction {unknown}
 t - a potion of flight {unknown}
 u - a potion of might {unknown}
 w - a potion of ambrosia {unknown}
 x - a potion of mutation {unknown}


   Skills:
 + Level 3.1 Armour
 - Level 1.7 Dodging
 - Level 2.4 Stealth
 + Level 3.8 Spellcasting
 - Level 1.1 Transmutations
 + Level 5.2 Earth Magic


You had 11 spell levels left.
You knew the following spells:

 Your Spells              Type           Power      Damage    Failure   Level
a - Sandblast             Erth           34%        2d9       2%          1

Your spell library contained the following spells:

 Spells                   Type           Power      Damage    Failure   Level
 Passwall                 Tmut/Erth      9%         N/A       9%          2
 Stone Arrow              Conj/Erth      20%        3d8       21%         3
 Ensorcelled Hibernation  Hex/Ice        4%         N/A       30%         2
 Petrify                  Tmut/Erth      11%        N/A       47%         4
 Gell's Gravitas          Tloc           2%         N/A       52%         3
 Lesser Beckoning         Tloc           2%         N/A       52%         3
 Teleport Other           Tloc           2%         N/A       52%         3
 Animate Dead             Necr           2%         N/A       89%         4
 Haunt                    Necr/Summ      1%         N/A       100%        7
 Infestation              Necr           1%         N/A       100%        8
 Swiftness                Air            Unusable   N/A       N/A         3

Dungeon Overview and Level Annotations

Branches:
Dungeon (4/15)
 Temple: D:4-7

Altars:
Makhleb
Sif Muna

Shops:
D:1 (


Innate Abilities, Weirdness & Mutations

You cannot be hasted, slowed, berserked, paralysed or teleported.
You can dig through walls and to a lower floor.
You have a pair of large antennae on your head. (SInv)
Your four strong arms can wield two-handed weapons with a shield.


Message History

Casting: Sandblast (safe; 2% risk of failure)
Confirm with . or Enter, or press ? or * to list all spells.
Aiming: Sandblast (safe; 2% risk of failure)
Press: ? - help, Shift-Dir - straight line, f/p - orc priest
Aim: an orc priest, wielding a +0 flail and wearing a +0 chain mail (87% to hit)
The blast of sand hits the orc but does no damage.
The orc is heavily wounded.
The orc barely misses you. The orc misses you.
Casting: Sandblast (safe; 2% risk of failure)
Confirm with . or Enter, or press ? or * to list all spells.
Aiming: Sandblast (safe; 2% risk of failure)
Press: ? - help, Shift-Dir - straight line, f/p - orc priest
Aim: an orc priest, wielding a +0 flail and wearing a +0 chain mail (87% to hit)
The blast of sand hits the orc!
You kill the orc!
Casting: Sandblast (safe; 2% risk of failure)
Confirm with . or Enter, or press ? or * to list all spells.
Aiming: Sandblast (safe; 2% risk of failure)
Press: ? - help, Shift-Dir - straight line, f/p - orc priest
Aim: an orc priest, wielding a +0 flail and wearing a +0 chain mail (87% to hit)
The blast of sand misses the orc priest.
The orc priest hits you with a +0 flail.
The orc priest barely misses you.
You hit the orc priest but do no damage.
The orc priest misses you.
You hit the orc priest but do no damage.
The orc priest hits you but does no damage.
The orc priest barely misses you.
You hit the orc priest but do no damage.
The orc priest closely misses you.
You hit the orc priest but do no damage.
The orc priest mumbles some strange prayers to Beogh against you.
Beogh smites you!
* * * LOW HITPOINT WARNING * * *
You sock the orc priest!
The orc priest is severely wounded.
The orc priest completely misses you.
The orc priest mumbles some strange prayers to Beogh against you.
Beogh smites you!
You die...

...>......)......#
##.#....#..#####.#
####....#..# #.#
####....#..# #.#
...........# #.#
........#..# #.#
####....#..#####.##
#..............#
#....##.#####@#
#....##.# #o#
#....##.# #.#
###....##.#####.##
#...........o....#
###..#.##.########
###.........#
...........##
#..P....###


You could see an orc priest.

Vanquished Creatures
  A scorpion (D:4)
  An orc wizard (D:4)
  A gnoll (D:1)
  An adder (D:2)
  5 dart slugs
  7 orcs
  8 bats
  7 endoplasms
  A giant cockroach (D:2)
  12 hobgoblins
  10 kobolds
  3 quokkas
  4 ball pythons
  5 frilled lizards
  7 goblins
  3 rats
76 creatures vanquished.

Vanquished Creatures (others)
  22 plants (D:2)
22 creatures vanquished.

Grand Total: 98 creatures vanquished

Notes
Turn   | Place    | Note
-------+----------+-------------------------------------------
     0 | D:1      | Descartes the Formicid Earth Elementalist began the quest
                  | for the Orb.
     0 | D:1      | Reached XP level 1. HP: 13/13 MP: 3/3
    54 | D:1      | Reached skill level 1 in Armour
    54 | D:1      | Reached XP level 2. HP: 13/19 MP: 0/5
   167 | D:1      | Reached skill level 4 in Earth Magic
   292 | D:1      | Found Cytwiuzi's Weapon Boutique.
   453 | D:1      | Reached XP level 3. HP: 24/24 MP: 5/7
   481 | D:1      | Found a faded altar of an unknown god.
   927 | D:2      | Reached XP level 4. HP: 30/30 MP: 6/8
  2006 | D:3      | Found a burning altar of Makhleb.
  2459 | D:3      | Reached XP level 5. HP: 35/35 MP: 6/9
  3233 | D:4      | Found a shimmering blue altar of Sif Muna.
  3318 | D:4      | Reached skill level 5 in Earth Magic
  3318 | D:4      | Reached XP level 6. HP: 27/41 MP: 11/11
  3568 | D:4      | Killed from afar by an orc priest

Illustrated notes

Levels and vault maps discovered:
D:1:      onia_arrival_mini_spirals, layout_basic, serial_shops, shop,
          ebering_ecumenical_altar_webs
D:2:      layout_loops_cross, serial_bayou, serial_bayou_lagoon_b,
          serial_bayou_shore_b, serial_bayou_pond_d, serial_bayou_ford_a,
          serial_bayou_shore_a, minmay_pentomino_o4
D:3:      layout_basic, amcnicky_altar_gilded, minmay_fountain_box,
          kennysheep_cross_room
D:4:      layout_basic, xom_redecorated, mainiacjoe_overflow_six_doors_small,
          nicolae_overflow_two_pavilions, kennysheep_orc_sif_temple,
          temple_green, grunt_decor_one_mirror, grunt_ministairs_8,
          serial_park_tiny_2

Skill      XL: |  1  2  3  4  5 |
---------------+----------------+-----
Armour         | 1 2 3 |  3.1
Earth Magic    | 4 5 |  5.2
Spellcasting   | 3 |  3.8
Dodging        | |  1.7
Stealth        | |  2.4
Transmutations | |  1.1

Action                   |  1- 3 |  4- 6 || total
-------------------------+-------+-------++-------
Melee: Flail             |       |     7 ||     7
 Cast: Sandblast         |    36 |    98 ||   134
Armor: Robe              |     7 |    12 ||    19
Dodge: Dodged            |    11 |    30 ||    41
